cohdb
Replays
Latest Replays
All Replays
Popular Replays
Top Player Replays
Match Explorer
How It Works
Community
CoH3 Stats
Reddit
Sign in to upload your games and track your stats! →
Sign in with Steam
Match 45990250
Unlisted
Match 45990250
Overview
Messages
Build Orders
End
Kradschützen Motorcycle Team
Panzerpioneer Squad
Panzergrenadier Squad
Construct Light Support Kompanie
Assault Grenadier Squad
Selects Armored Support Battlegroup
Selects Superior Fire Drills
Assault Grenadier Squad
Construct Mechanized Kompanie
Panzerjäger Mechanized Group
8 Rad Armored Car
8 Rad Armored Car
Selects Flammpanzer III Medium Tank
Flammpanzer III Medium Tank
2.5-tonne Medical Truck
Flammpanzer III Medium Tank
Treadz
oziligath
0
0
Comments
sign in to comment!
No comments posted yet!